 Dungeon Crawl Stone Soup version 0.29.1-15-g9cfb28693d (webtiles) character file.

Game seed: 6391993127893653683

37 sizableburger the Firebug (level 3, 0/42 HPs)
             Began as a Naga Fire Elementalist on Mar 22, 2023.
             Frozen to death by an endoplasm (4 damage)
             ... on level 2 of the Dungeon.
             The game lasted 00:03:23 (1690 turns).

sizableburger the Firebug (Naga Fire Elementalist)  Turns: 1690, Time: 00:03:25

Health: 0/42       AC:  2    Str: 10    XL:     3   Next: 41%
Magic:  6/7        EV:  9    Int: 17    God:
Gold:   104        SH:  0    Dex: 11    Spells: 4/7 levels left

rFire   . . .      SeeInvis +   d - +0 dagger
rCold   . . .      Faith    .   (no shield)
rNeg    . . .      Spirit   .   a - +0 robe
rPois   +          Reflect  .   (no helmet)
rElec   .          Harm     .   (no cloak)
rCorr   .          Rampage  .   (no gloves)
Will    .....                   (no barding)
Stlth   ..........              (no amulet)
HPRegen 0.14/turn               (no ring)
MPRegen 0.10/turn               (no ring)

@: berserking, slowed, very slow
A: AC +1, large, see invisible, deformed body, poison resistance, slowness 2,
spit poison 1, naga tail 1
a: Spit Poison


You were on level 2 of the Dungeon.
You visited 1 branch of the dungeon, and saw 2 of its levels.

You collected 104 gold pieces.

Inventory:

Hand Weapons
 d - a +0 dagger (weapon)
Armour
 a - a +0 robe (worn)
Scrolls
 c - 3 scrolls of identify {unknown}
 h - 3 scrolls of poison {unknown}
 i - a scroll of torment {unknown}
 k - a scroll of enchant armour {unknown}
 l - a scroll of vulnerability {unknown}
Potions
 b - a potion of magic
 e - 2 potions of berserk rage
 f - a potion of curing {unknown}
 g - 2 potions of heal wounds {unknown}
 j - a potion of attraction {unknown}


   Skills:
 - Level 1.5 Dodging
 - Level 3.0 Stealth
 + Level 2.8 Spellcasting
 - Level 1.0 Conjurations
 + Level 3.7 Fire Magic


You had 4 spell levels left.
You knew the following spells:

 Your Spells              Type           Power      Damage    Failure   Level
a - Foxfire               Conj/Fire      40%        2x1d6     7%          1
b - Scorch                Fire           30%        2d7       6%          2

Your spell library contained the following spells:

 Spells                   Type           Power      Damage    Failure   Level
 Sandblast                Erth           4%         2d4       19%         1
 Conjure Flame            Conj/Fire      10%        6-21      21%         3
 Inner Flame              Hex/Fire       8%         N/A       24%         3
 Passwall                 Tmut/Erth      1%         N/A       26%         2
 Stone Arrow              Conj/Erth      8%         3d7       41%         3
 Flame Wave               Conj/Fire      10%        2d6       54%         4


Dungeon Overview and Level Annotations

Branches:
Dungeon (2/15)

Altars:

Annotations:
D:2 Jessica


Innate Abilities, Weirdness & Mutations

Your serpentine skin is tough. (AC +1)
You have supernaturally acute eyesight. (SInv)
Armour fits poorly on your strangely shaped body.
Your system is resistant to poisons. (rPois)
You cover ground very slowly.
You can spit poison.
You have a snake-like lower body.


Message History

You are frozen.
Jessica gestures wildly while chanting.
Jessica blinks!
Jessica grins evilly.
There is a stone staircase leading up here.
Aiming: Spit Poison (2% risk of failure)
Press: ? - help, Shift-Dir - straight line, f - Jessica
Aim: Jessica, wielding a +0 dagger and wearing a +0 robe (fast, 59% to hit)
The splash of poison hits Jessica.
Jessica is poisoned.
Jessica is heavily wounded.
Jessica hits you with a +0 dagger!
* * * LOW HITPOINT WARNING * * *
The endoplasm closely misses you.
You aren't carrying any items that you can evoke.
Okay, then.
It was a potion of berserk rage.
A red film seems to cover your vision as you go berserk!
You feel yourself moving faster!
You feel mighty! Jessica hits you with a +0 dagger.
* * * LOW HITPOINT WARNING * * *
The endoplasm closely misses you. Jessica hits you with a +0 dagger.
* * * LOW HITPOINT WARNING * * *
You barely miss Jessica.
Jessica is heavily wounded.
Jessica hits you with a +0 dagger.
* * * LOW HITPOINT WARNING * * *
The endoplasm hits you.
* * * LOW HITPOINT WARNING * * *
You barely miss Jessica.
Jessica is heavily wounded.
You have got your breath back.
Jessica gestures at you while chanting.
You feel yourself slow down.
You closely miss Jessica.
Jessica is heavily wounded.
Jessica mumbles some strange words.
Jessica blinks!
The endoplasm freezes you.
You are frozen.
You die...

#.......# ##...##.
#.......# ######.......
#.......# #.....>......
#..)....####.....[......
#.......................
#.....@....#............
..
#........##...........#.
...
#.....ยง.....#########.##
...####.....J@..### #.#
...............# #.#
...####.####.# #.#
#.####.# #..# #### #.#
#...##.###.## #..# #.#
#.#........# ##..# #.#
.#####.#.##.#######...#
#.# ...#....##.# #...##
###.## #.#.#..##.####
#.#.# ##...#.


You could see Jessica (fast, poisoned) and an endoplasm.

Vanquished Creatures
  An adder (D:2)
  A dart slug (D:1)
  2 endoplasms (D:1)
  2 giant cockroaches (D:1)
  3 goblins
  A hobgoblin (D:1)
  2 kobolds
  3 ball pythons
  7 bats
  2 frilled lizards
  3 rats
27 creatures vanquished.

Vanquished Creatures (others)
  41 foxfires
41 creatures vanquished.

Grand Total: 68 creatures vanquished

Notes
Turn   | Place    | Note
-------+----------+-------------------------------------------
     0 | D:1      | sizableburger the Naga Fire Elementalist began the quest
                  | for the Orb.
     0 | D:1      | Reached XP level 1. HP: 15/15 MP: 3/3
   303 | D:1      | Reached XP level 2. HP: 22/22 MP: 0/5
   413 | D:1      | Learned a level 2 spell: Scorch
   672 | D:1      | Found a faded altar of an unknown god.
  1262 | D:2      | Reached XP level 3. HP: 26/28 MP: 2/6
  1654 | D:2      | Noticed Jessica
  1690 | D:2      | Frozen to death by an endoplasm

Illustrated notes

Levels and vault maps discovered:
D:1:      dpeg_arrival_tiny_b, layout_loops_ring,
          shapermc_ecumenical_altar_pompeii
D:2:      minmay_chambers_of_ones, layout_rooms, uniq_jessica, uniq_sigmund

Action                   || total
-------------------------++-------
Melee: Dagger            ||    18
 Cast: Foxfire           ||    25
       Scorch            ||    10
 Abil: Spit Poison       ||     5
  Use: Potion            ||     1
 Stab: Sleeping          ||     1
Armor: Robe              ||    13
Dodge: Dodged            ||    22
